 Dungeon Crawl Stone Soup version 0.26-a0-639-g72c4674329 (webtiles) character file.

Game seed: 11365784709363303280

345 Flugslaktarn the Skirmisher (level 6, 0/51 HPs)
             Began as a Formicid Fighter on Sept 21, 2020.
             Slain by an ogre
             ... wielding a +0 giant club
              (17 damage)
             ... on level 5 of the Dungeon.
             The game lasted 00:00:53 (1418 turns).

Flugslaktarn the Skirmisher (Formicid Fighter)      Turns: 1418, Time: 00:00:54

Health: 0/51       AC:  9    Str: 21    XL:     6   Next: 89%
Magic:  6/6        EV:  6    Int:  9    God:
Gold:   204        SH:  9    Dex: 10    Spells: 5/5 levels left

rFire    . . .     SeeInvis +   a - +0 war axe
rCold    . . .     Faith    .   c - +0 kite shield
rNeg     . . .     Spirit   .   o - +0 chain mail
rPois    .         Reflect  .   (helmet unavailable)
rElec    .         Harm     .   (no cloak)
rCorr    .         Rampage  .   (no gloves)
MR       .....                  (no boots)
Stlth    ..........             (no amulet)
HPRegen  0.17/turn              (no ring)
MPRegen  0.10/turn              (no ring)

@: no status effects
A: permanent stasis, dig shafts and tunnels, four strong arms, antennae 3
a: Dig, Shaft Self


You were on level 5 of the Dungeon.
You visited 1 branch of the dungeon, and saw 5 of its levels.

You collected 204 gold pieces.

Inventory:

Hand Weapons
 a - a +0 war axe (weapon)
Armour
 c - a +0 kite shield (worn)
 o - a +0 chain mail (worn)
   (You found it on level 4 of the Dungeon)
Scrolls
 g - a scroll of random uselessness {unknown}
 h - 2 scrolls of identify {unknown}
 i - a scroll of enchant weapon {unknown}
 k - a scroll of remove curse {unknown}
 l - a scroll of amnesia {unknown}
 n - a scroll of enchant armour {unknown}
Potions
 b - a potion of brilliance {unknown}
 d - 2 potions of might
 e - 2 potions of curing {unknown}
 f - a potion of lignification {unknown}
 j - a potion of berserk rage {unknown}
 m - a potion of flight {unknown}


   Skills:
 * Level 5.3 Fighting
 * Level 4.1 Axes
 + Level 4.3 Armour
 + Level 4.8 Shields


You had 5 spell levels left.
You didn't know any spells.
Your spell library was empty.

Dungeon Overview and Level Annotations

Branches:
Dungeon (5/15)
 Temple: D:4-7

Altars:


Innate Abilities, Weirdness & Mutations

You cannot be hasted, slowed, berserked, paralysed or teleported.
You can dig through walls and to a lower floor.
Your four strong arms can wield two-handed weapons with a shield.
You have a pair of large antennae on your head. (SInv)


Message History

The ufetubus closely misses you. You block the ufetubus's attack.
The ufetubus hits you but does no damage.
The ufetubus barely misses you. You block the ufetubus's attack. x2
You block the ufetubus's attack. x2
The ufetubus hits you.
* * * LOW HITPOINT WARNING * * *
The ufetubus closely misses you. You block the ufetubus's attack.
The ufetubus completely misses you.
The ufetubus hits you but does no damage.
You block the ufetubus's attack.
An ogre comes into view. It is wielding a +0 giant club.
The ogre shouts!
You block the ufetubus's attack.
The ufetubus hits you but does no damage.
You completely miss the ogre. You hit the ufetubus.
You block the ufetubus's attack.
The ufetubus hits you but does no damage.
The ogre hits you with a +0 giant club!
You die...

#.........
#[#...........
#.#..........
####...........
#.†.†.........
####.###........
#....# #.#.....#
##.######.#.###.####
...............O@5.#
...######...###.##g#
.........##(# #.##.#
.#######.##.# #.##{#
.#### #.##.#
#.##.####
....####.##.#
#.##.g..#
....#.##.##.#
#.#####.#
....#.##.##.#
#.#...#.#
..........#.#
#.#.....#


You could see an ogre, a gnoll and an ufetubus.

Vanquished Creatures
  2 howler monkeys (D:5)
  3 hounds (D:4)
  An orc wizard (D:3)
  A worker ant (D:5)
  A mummy (D:4)
  2 gnolls (D:5)
  4 adders
  A worm (D:2)
  2 dart slugs
  2 leopard geckos
  4 orcs
  2 bats
  2 giant cockroaches
  3 goblins (D:3)
  6 hobgoblins
  2 jackals (D:5)
  3 ball pythons
  3 hobgoblin zombies (D:4)
  A jackal skeleton (D:4)
  A jackal zombie (D:5)
  4 kobolds
  A leopard gecko skeleton (D:5)
  An orc zombie (D:4)
  4 rats
56 creatures vanquished.

Notes
Turn   | Place    | Note
-------+----------+-------------------------------------------
     0 | D:1      | Flugslaktarn the Formicid Fighter began the quest for the
                  | Orb.
     0 | D:1      | Reached XP level 1. HP: 18/18 MP: 1/1
     3 | D:1      | Noticed an electric eel
     3 | D:1      | Noticed an electric eel
    57 | D:1      | Reached XP level 2. HP: 22/24 MP: 2/2
   231 | D:2      | Reached XP level 3. HP: 16/30 MP: 3/3
   442 | D:2      | Reached skill level 4 in Fighting
   442 | D:2      | Reached XP level 4. HP: 13/37 MP: 4/4
   784 | D:3      | Reached XP level 5. HP: 36/42 MP: 5/5
  1068 | D:4      | Reached XP level 6. HP: 48/50 MP: 6/6
  1181 | D:5      | Entered Level 5 of the Dungeon
  1229 | D:5      | Reached skill level 5 in Fighting
  1415 | D:5      | Noticed an ogre
  1418 | D:5      | Slain by an ogre

Illustrated notes

Levels and vault maps discovered:
D:1:      arrival_aquarium_b, layout_basic
D:2:      layout_basic, dk_vineyard_2, minmay_pentomino_p2
D:3:      layout_rooms
D:4:      layout_rooms, minmay_mini_ossuary
D:5:      layout_basic, minmay_temple_entry_trees, chequers_garden,
          nicolae_gozag_seed_capital, uniq_duvessa

Skill      XL: |  1  2  3  4  5  6 |
---------------+-------------------+-----
Shields        | 4 |  4.8
Fighting       | 4 5 |  5.3
Axes           | 3 4 |  4.1
Armour         | 4 |  4.3

Action                   |  1- 3 |  4- 6 || total
-------------------------+-------+-------++-------
Melee: War axe           |    51 |   116 ||   167
Armor: Scale mail        |    26 |    33 ||    59
       Chain mail        |       |    39 ||    39
Dodge: Dodged            |    24 |    48 ||    72
Block: Kite shield       |    26 |    69 ||    95

Table legend: (Time is in decaauts)
 A = Elapsed time spent in this place.
 B = Non-inter-level travel time spent in this place.
 C = Inter-level travel time spent in this place.
 D = Time resting spent in this place.
 E = Time spent auto-exploring this place.
 F = Levels seen in this place.
 G = Mean time per level.
                   A        B        C        D        E       F      G
               +--------+--------+--------+--------+--------+-----+--------+
         Total |   1485 |   1448 |     37 |    199 |    810 |   5 |  297.0 |
       Dungeon |   1485 |   1448 |     37 |    199 |    810 |   5 |  297.0 |
               +--------+--------+--------+--------+--------+-----+--------+

Top non-repeatable levels by time:
     D:2: 471 daAuts
     D:4: 329 daAuts
     D:3: 259 daAuts
     D:5: 250 daAuts
     D:1: 176 daAuts
